General information
- name: grudge01
- type: Custom game
- host: fineX.
- saver: fineX.
map: TerenasStand
- players: 3
- length: 07:28
- speed: Fast
- version: 1.21 W3XP
- replay type: Public
» download(21 KB)
Players
team 1 (winner)
fineX. (
red | 66 APM | 490 actions | 07:28)
3 Far Seer
2 Feral Spirit
1 Chain Lighting
» actions
| Assign group hotkey | 9 | |
| Build / train | 22 | |
| Enter build submenu | 14 | |
| Enter hero's abilities submenu | 3 | |
| Right click | 249 | |
| Select / deselect | 99 | |
| Select group hotkey | 73 | |
| Use ability | 21 | |
490 total
» units
» upgrades
» buildings
| Altar of Storms | 1 | |
| Orc Burrow | 3 | |
| Barracks | 1 | |
| War Mill | 1 | |
| Voodoo Lounge | 1 | |
| Stronghold | 1 | |
| Watch Tower | 6 | |
14 total
» build order
00:05 Altar of Storms
00:07 Orc Burrow
00:34 Barracks
01:46 Orc Burrow
02:06 War Mill
04:00 Voodoo Lounge
04:46 Orc Burrow
05:30 Stronghold
05:53 Watch Tower
05:54 Watch Tower
05:55 Watch Tower
07:11 Watch Tower
07:14 Watch Tower
07:20 Watch Tower
» items
| Healing Salve | 1 | |
| Lesser Clarity Potion | 1 | |
| Scroll of Speed | 1 | |
3 total
team 2 (loser)
AsukaBoxu (
blue | 53 APM | 393 actions | 07:27)
2 Archmage
1 Summon Water Elemental
1 Brilliance Aura
» actions
| Assign group hotkey | 4 | |
| Basic commands | 6 | |
| Build / train | 25 | |
| Enter build submenu | 11 | |
| Enter hero's abilities submenu | 2 | |
| Right click | 158 | |
| Select / deselect | 125 | |
| Select group hotkey | 44 | |
| Use ability | 18 | |
393 total
» units
» buildings
| Altar of Kings | 1 | |
| Farm | 3 | |
| Barracks | 1 | |
| Lumber Mill | 1 | |
| Scout Tower | 2 | |
| Arcane Tower | 2 | |
| Keep | 1 | |
11 total
» build order
00:07 Altar of Kings
00:25 Farm
00:38 Barracks
00:56 Lumber Mill
01:11 Farm
01:53 Scout Tower
02:39 Arcane Tower
05:00 Scout Tower
05:23 Keep
05:35 Farm
06:45 Arcane Tower
refereesDuRRRRRR Chat log
(01:47 / All) AsukaBoxu: gg aol
(05:34 / All) fineX.: forgot to tech....
(05:39 / All) AsukaBoxu: same
(06:15 / All) AsukaBoxu: oh shit the rest of my army was out of tp range, rofl
(07:16 / All) fineX.: gg
(07:19 / All) AsukaBoxu: gg rm